 Dungeon Crawl Stone Soup version 0.31-a0-1074-g0b22e4e0f1 (webtiles) character file.

Game seed: 1532536995338396339

12 gabriel the Grave Robber (level 2, -2/15 HPs)
             Began as a Vampire Necromancer on Dec 5, 2023.
             Slain by a ball python (3 damage)
             ... on level 2 of the Dungeon.
             The game lasted 00:13:34 (605 turns).

gabriel the Grave Robber (Vampire Necromancer)       Turns: 605, Time: 00:13:35

Health: -2/15      AC:  3    Str:  7    XL:     2   Next: 20%
Magic:  5/5        EV:  9    Int: 17    God:
Gold:   23         SH:  0    Dex: 14    Spells: 4/5 levels left

rFire   . . .        d - +0 long sword
rCold   + + .        (no shield)
rNeg    + + +        a - +1 robe {life}
rPois   ∞            (no helmet)
rElec   .            (no cloak)
rCorr   .            (no gloves)
SInv    +            (no boots)
Will    .....        (no amulet)
Stlth   ++++         (no ring)
HPRegen 0.00/turn    (no ring)
MPRegen 0.09/turn

%: no passive effects
@: bloodless, inhibited regen, constricted
A: bloodless, fangs 3, see invisible, vampiric 1
a: Revivify


You were on level 2 of the Dungeon.
You visited 1 branch of the dungeon, and saw 2 of its levels.

You collected 23 gold pieces.

Inventory:

Hand Weapons
 c - a +0 dagger
 d - a +0 long sword (weapon)
Armour
 a - a +1 robe (worn) {life}
Scrolls
 e - a scroll of fog {unknown}
Potions
 b - a potion of magic (quivered)


   Skills:
 + Level 0.3 Long Blades
 + Level 2.2 Dodging
 + Level 3.3 Stealth
 + Level 2.0 Spellcasting
 + Level 4.7 Necromancy


You had 4 spell levels left.
You knew the following spells:

 Your Spells              Type           Power      Damage    Failure   Level
a - Necrotise             Necr           68%        1d7       2%          1

Your spell library contained the following spells:

 Spells                   Type           Power      Damage    Failure   Level
 Vampiric Draining        Necr           17%        2d7       9%          3
 Animate Dead             Necr           17%        N/A       26%         4
 Agony                    Necr           17%        N/A       58%         5


Dungeon Overview and Level Annotations

Branches:
Dungeon (2/15)

Altars:

Shops:
D:1 [   D:2 [


Innate Abilities, Weirdness & Mutations

You do not regenerate when monsters are visible.
You are frail without blood (-20% HP).
You can heal yourself when you bite living creatures.
You are immune to poison.
You have razor-sharp teeth.
You have supernaturally acute eyesight. (SInv)
You are afflicted with vampirism.


Message History

The frilled lizard bites you but does no damage.
The frilled lizard bites you. x2; The frilled lizard barely misses you.
You miss the frilled lizard. The frilled lizard barely misses you.
The frilled lizard bites you.
Casting: Necrotise (safe; 2% risk of failure)
Confirm with . or Enter, or press ? or * to list all spells.
You don't know that spell.
You barely miss the frilled lizard. Your bite misses the frilled lizard.
The frilled lizard misses you.
The frilled lizard bites you but does no damage.
The frilled lizard closely misses you. The frilled lizard bites you.
You barely miss the frilled lizard. Your bite misses the frilled lizard.
The frilled lizard bites you. x2
* * * LOW HITPOINT WARNING * * *
You closely miss the frilled lizard. The frilled lizard bites you.
* * * LOW HITPOINT WARNING * * *
The frilled lizard bites you but does no damage.
You closely miss the frilled lizard.
The frilled lizard bites you but does no damage.
The frilled lizard barely misses you.
The frilled lizard bites you but does no damage.
The frilled lizard barely misses you.
The frilled lizard attacks as it pursues you!
The frilled lizard bites you but does no damage.
You hit the frilled lizard.
You kill the frilled lizard!
The frilled lizard closely misses you.
You barely miss the ball python. The ball python barely misses you.
The ball python grabs you. The ball python constricts you.
The frilled lizard barely misses you. The ball python barely misses you.
The ball python constricts you. The frilled lizard bites you.
* * * LOW HITPOINT WARNING * * *
You hit the ball python.
The ball python is moderately wounded.
The ball python barely misses you. The ball python constricts you.
The frilled lizard closely misses you.
You barely miss the ball python.
The ball python is moderately wounded.
The ball python bites you.
You die...

~~~~~P. ~P~~.. ~.P.##
♣.?..# .# #.<..+....#
#....##.#.#.#......#
#....##.#.#.#......#
#####.S@.##.#.#.#......#
.......l...#.#..........#
+#+#+#+#+#.#.....##.....#
#.......##.....#
#.......##.....#
#.#.....##....)#
#.#.............
..#####......... ....
+.....∩...


You could see a ball python and a frilled lizard.

Vanquished Creatures
  An endoplasm (D:1)
  A goblin (D:1)
  2 hobgoblins (D:1)
  A quokka (D:2)
  A bat (D:1)
  2 frilled lizards
  5 rats (D:1)
13 creatures vanquished.

Notes
Turn   | Place    | Note
-------+----------+-------------------------------------------
     0 | D:1      | gabriel the Vampire Necromancer began the quest for the
                  | Orb.
     0 | D:1      | Reached XP level 1. HP: 13/13 MP: 3/3
   323 | D:1      | Found Ifitiz's Antique Armour Shoppe.
   347 | D:1      | Reached XP level 2. HP: 19/19 MP: 5/5
   520 | D:2      | Found Ostrugrey's Armour Boutique.
   605 | D:2      | Slain by a ball python

Illustrated notes

Levels and vault maps discovered:
D:1:      lordsloth_arrival_two_stooges, layout_basic, serial_shops, shop,
          minmay_stone_trees_small
D:2:      layout_basic, serial_shops, shop, dreamdust_princess_corridor,
          serial_bayou_pond_b, minmay_rat_gold_closets, uniq_crazy_yiuf_cottage

Action                     || total
---------------------------++-------
  Melee: Unarmed           ||    50
         Bite              ||     8
         Long sword        ||    25
Ability: Exsanguinate      ||     1
    Use: Scroll            ||     2
   Stab: Sleeping          ||     1
 Armour: Robe              ||    43
  Dodge: Dodged            ||    62

Table legend: (Time is in decaauts)
 A = Elapsed time spent in this place.
 B = Non-inter-level travel time spent in this place.
 C = Inter-level travel time spent in this place.
 D = Time resting spent in this place.
 E = Time spent auto-exploring this place.
 F = Levels seen in this place.
 G = Mean time per level.
                   A        B        C        D        E       F      G
               +--------+--------+--------+--------+--------+-----+--------+
         Total |    613 |    613 |      0 |      0 |      0 |   2 |  306.5 |
       Dungeon |    613 |    613 |      0 |      0 |      0 |   2 |  306.5 |
               +--------+--------+--------+--------+--------+-----+--------+

Top non-repeatable levels by time:
     D:1: 521 daAuts
     D:2: 91 daAuts
